AoeStats
← 台灣大表哥

Scandinavia

510973124Analyzed
1v1 RM · 8h ago on Oct 3, 2026· 68m 39s· 2 players
Game mode
Random Map
Map size
Tiny (2 player)
Population
200
Speed
Normal
Resources
Standard
Victory
Conquest
Starting age
Dark Age
Ending age
Imperial Age
RankedLock teamsTeams togetherTeam positionsShared explorationLock speedFull tech treeHidden civsTurbo modeCheats
Victory
Defeat
🇪🇸 Vikings · Spain
974
+16
🇹🇼 Muisca · Taiwan
970
-16
台灣大表哥
0:35 Loom
10:20 Feudal Age
11:11 Double-Bit Axe
11:09 Horse Collar
11:53 Champi Runner
20:31 Castle Age
19:06 Fletching
20:35 Champi Warrior
22:44 Bow Saw
22:48 Squires
22:56 Heavy Plow
23:14 Fishing Lines
24:01 Crossbowman
26:37 Wheelbarrow
26:54 Town Watch
29:53 Forging
30:08 Gillnets
33:18 Ballistics
36:08 Imperial Age
34:17 Elite Skirmisher
36:25 Bodkin Arrow
39:12 Imperial Age
39:34 Arbalester
43:45 Elite Champi Warrior
50:57 Redemption
56:15 Scale Mail Armor
60:37 Conscription
gosi1991
4:30 Loom
4:58 Loom
12:06 Feudal Age
12:36 Double-Bit Axe
13:28 Man-at-Arms
15:01 Arson
18:34 Fishing Lines
25:13 Castle Age
25:30 Scale Mail Armor
25:31 Long Swordsman
27:09 Chain Mail Armor
27:41 Bow Saw
28:22 Forging
28:18 Stone Mining
29:32 Fletching
30:48 Elite Skirmisher
31:25 Bodkin Arrow
32:42 Ballistics
32:52 Squires
34:17 Padded Archer Armor
39:09 Murder Holes
45:29 Gold Mining
45:44 Chieftains
46:40 Iron Casting
52:54 Fortified Wall
52:47 Town Watch
53:22 Leather Archer Armor
56:20 Imperial Age
56:27 Capped Ram
56:57 Two-Handed Swordsman
Connection lost

Rejoining the realm…

Still unreachable

The connection could not be restored.

Session expired

The server has moved on; the page needs a fresh start.